 Dungeon Crawl Stone Soup version 0.31-a0-986-g5e6e4ef867 (webtiles) character file.

Game seed: 8008850327907096122

7 porpoise the Vexing (level 1, 0/13 HPs)
             Began as a Demonspawn Enchanter on Nov 4, 2023.
             Slain by a jackal (2 damage)
             ... on level 1 of the Dungeon.
             The game lasted 00:01:24 (289 turns).

porpoise the Vexing (Demonspawn Enchanter)           Turns: 289, Time: 00:01:25

Health: 0/13       AC:  2    Str:  8    XL:     1   Next: 91%
Magic:  3/3        EV: 12    Int: 16    God:
Gold:   33         SH:  0    Dex: 13    Spells: 4/4 levels left

rFire   . . .        a - +1 dagger
rCold   . . .        (no shield)
rNeg    . . .        b - +0 robe
rPois   .            (no helmet)
rElec   .            (no cloak)
rCorr   .            (no gloves)
SInv    .            (no boots)
Will    .....        (no amulet)
Stlth   ++           (no ring)
HPRegen 0.22/turn    (no ring)
MPRegen 0.08/turn

%: no passive effects
@: no status effects
A: no striking features
a: no special abilities


You were on level 1 of the Dungeon.
You visited 1 branch of the dungeon, and saw 1 of its levels.

You collected 33 gold pieces.

Inventory:

Hand Weapons
 a - a +1 dagger (weapon)
Armour
 b - a +0 robe (worn)
Scrolls
 e - a scroll of teleportation {unknown}
 f - a scroll of identify {unknown}
Potions
 c - 2 potions of invisibility
 d - a potion of degeneration {unknown}
 g - a potion of heal wounds {unknown}


   Skills:
 + Level 1.2 Short Blades
 - Level 1.7 Dodging
 - Level 2.6 Stealth
 + Level 2.2 Spellcasting
 + Level 3.1 Hexes


You had 4 spell levels left.
You didn't know any spells.
Your spell library contained the following spells:

 Spells                   Type           Power      Damage    Failure   Level
 Ensorcelled Hibernation  Hex/Ice        12%        N/A       16%         2
 Confusing Touch          Hex            11%        N/A       17%         3
 Tukima's Dance           Hex            11%        N/A       17%         3
 Dazzling Flash           Conj/Hex       12%        N/A       32%         3


Dungeon Overview and Level Annotations

Branches:
Dungeon (1/15)

Altars:


Message History

Found a robe.
A jackal comes into view.
The bat closely misses you. The jackal barely misses you.
The ball python hisses angrily.
The frilled lizard hisses angrily.
You hear a bark!
The jackal bites you. The bat barely misses you.
The jackal attacks as it pursues you! The jackal closely misses you.
You hit the jackal.
The jackal is severely wounded.
The bat hits you but does no damage. The jackal barely misses you.
You hit the jackal.
The jackal is almost dead.
The jackal bites you. The jackal closely misses you.
You hit the jackal but do no damage.
The jackal is almost dead.
The jackal closely misses you.
You barely miss the jackal.
The jackal is almost dead.
The jackal bites you but does no damage.
The ball python closely misses you. The ball python barely misses you.
You closely miss the jackal.
The jackal is almost dead.
The jackal barely misses you. The ball python bites you.
The ball python barely misses you.
The jackal bites you but does no damage.
You closely miss the ball python. The ball python bites you.
The ball python barely misses you. The jackal closely misses you.
You hit the ball python.
You kill the ball python!
The jackal bites you.
You barely miss the jackal.
The jackal is almost dead.
The jackal barely misses you. The jackal bites you.
* * * LOW HITPOINT WARNING * * *
You hit the frilled lizard.
The frilled lizard is heavily wounded.
The frilled lizard bites you but does no damage.
The jackal bites you.
You die...

###### ###### .....#
######....[.
.###.########...........
........................
.###)###........h...Sl..
.# #.# #########g#.....
####.# #h# ... .....#
#@# . ..#######
#.l...... #.†.....#
#########
#######.#######
#.......# ####.#####.#
##....# ##..#### #..##


You could see 2 jackals, a hobgoblin and a frilled lizard.

Vanquished Creatures
  A giant cockroach (D:1)
  A hobgoblin (D:1)
  3 jackals (D:1)
  A ball python (D:1)
6 creatures vanquished.

Notes
Turn   | Place    | Note
-------+----------+-------------------------------------------
     0 | D:1      | porpoise the Demonspawn Enchanter began the quest for the
                  | Orb.
     0 | D:1      | Reached XP level 1. HP: 13/13 MP: 3/3
   170 | D:1      | Reached skill level 1 in Short Blades
   289 | D:1      | Slain by a jackal

Illustrated notes

Levels and vault maps discovered:
D:1:      tekkud_arrival_beachfront_property, layout_basic, serial_shops,
          shop_statue, serial_bayou_lagoon_a

Skill      XL: |  1 |
---------------+----+-----
Short Blades   | 1 |  1.2
Dodging        | |  1.7
Stealth        | |  2.6
Spellcasting   | |  2.2
Hexes          | |  3.1

Action                     || total
---------------------------++-------
  Melee: Dagger            ||    33
   Stab: Sleeping          ||     1
 Armour: Robe              ||    24
  Dodge: Dodged            ||    33

Table legend: (Time is in decaauts)
 A = Elapsed time spent in this place.
 B = Non-inter-level travel time spent in this place.
 C = Inter-level travel time spent in this place.
 D = Time resting spent in this place.
 E = Time spent auto-exploring this place.
 F = Levels seen in this place.
 G = Mean time per level.
                   A        B        C        D        E       F      G
               +--------+--------+--------+--------+--------+-----+--------+
         Total |    301 |    301 |      0 |     49 |     51 |   1 |  301.0 |
       Dungeon |    301 |    301 |      0 |     49 |     51 |   1 |  301.0 |
               +--------+--------+--------+--------+--------+-----+--------+

Top non-repeatable levels by time:
     D:1: 301 daAuts
